wizbiz, neutral female human Wizard -------------- |............| |.&..........| |@...........| |.........{..| |...f........| --------+----- wizbiz the Thaumaturge Experience level: 7 Strength: 12 Dexterity: 12 Constitution: 13 Intelligence: 18 Wisdom: 13 Charisma: 10 Health: 0(44) Energy: 24(56) Def: 2 Gold: 396 Moves: 6034 Dungeon seed: VebQSqdwT-o-iFM6 Game ID: wizbiz_1526673408 Your Inventory: Coins $ - 396 gold pieces Weapons a - a blessed +1 quarterstaff (weapon in hands) i - a +0 knife k - a cursed -1 knife t - 11 cursed -1 darts w - a +0 sling x - a +0 sling B - 6 +0 crossbow bolts (in quiver) X - 2 +0 orcish daggers Z - 2 cursed +0 arrows Armor e - a blessed +0 cloak of magic resistance (being worn) q - an uncursed +0 orcish helm (being worn) Comestibles o - 6 uncursed food rations Scrolls j - an uncursed scroll of earth v - an uncursed scroll of teleportation y - an uncursed scroll of remove curse A - an uncursed scroll of light F - 2 uncursed scrolls of blank paper Spellbooks l - a blessed spellbook of force bolt m - an uncursed spellbook of identify Potions f - an uncursed potion of extra healing h - an uncursed potion of levitation s - a cursed potion of healing z - an uncursed potion of object detection O - 2 uncursed potions of full healing Rings c - an uncursed ring of slow digestion (on left hand) d - an uncursed ring of see invisible (on right hand) Wands b - a wand of striking (0:4) u - a wand of make invisible (0:5) Tools C - an uncursed tallow candle (0:200) D - 3 uncursed wax candles (0:400) E - a can of grease (0:20) Gems n - an uncursed worthless piece of red glass r - an uncursed worthless piece of yellowish brown glass N - an uncursed citrine stone Y - an uncursed worthless piece of orange glass Spells and supernatural/magical abilities: Name Level Category Fail Memory a - force bolt 1 attack 0% 70% I - identify 3 divination 86% 70% W - pray for help -- divine ? -- Your skills at the end: Fighting Skills Weapon Skills quarterstaff [Skilled] Spellcasting Skills attack spells [Skilled] enchantment spells [Basic] Final Attributes: You were piously aligned. You were magic-protected. You saw invisible. You were telepathic. You had slower digestion. You are dead. Vanquished creatures: a leprechaun a dingo a gnome mummy a bugbear 5 Mordor orcs a rock piercer a rock mole a fog cloud a shrieker a violet fungus 2 gnome lords a gnomish wizard a kobold mummy a red naga hatchling 2 ghouls a paper golem a giant ant a little dog 6 floating eyes a homunculus a kobold shaman 6 hill orcs 5 rothes a rabid rat a centipede 4 iguanas 4 acid blobs a coyote a gas spore a large kobold 4 giant rats 4 cave spiders a red mold 6 gnomes a gecko 4 jackals a fox 2 kobolds 2 goblins 2 sewer rats 6 grid bugs 6 lichens 6 newts 101 creatures vanquished. Genocided species: liches demiliches master liches arch-liches 4 species genocided. Voluntary challenges: You had followed a strict vegan diet until turn 2028. You had followed a strict vegetarian diet until turn 2028. You used a wielded weapon 82 times, starting on turn 240. You read items or engraved 9 times, starting on turn 1967. You genocided 4 types of monsters, starting on turn 1967. You never polymorphed an object. You never changed form. You used no wishes. You never split a pudding. You wrote Elbereth's name 3 times, starting on turn 2087. You violated your moral code, losing 14 points of alignment, starting on turn 5089. Dungeon overview: The Dungeons of Doom: levels 1 to 5 Level 1 an altar to Thoth a long staircase Level 2 Level 3 Level 4 an altar to Thoth stairs to The Gnomish Mines Level 5 <- You were here a fountain The Gnomish Mines: levels 5 to 6 Level 5 stairs to The Dungeons of Doom Level 6 History has recorded: On T:1 you entered the Dungeons of Doom to retrieve the Amulet of Yendor! On T:541 you reached level 2 of The Dungeons of Doom. On T:832 you advanced to experience level 2. On T:1079 you reached level 3 of The Dungeons of Doom. On T:1113 you advanced to experience level 3. On T:1124 you reached level 4 of The Dungeons of Doom. On T:1881 you reached level 5 of The Dungeons of Doom. On T:1919 you reached level 1 of The Gnomish Mines. On T:1957 you advanced to experience level 4. On T:2015 you reached level 2 of The Gnomish Mines. On T:2023 you advanced to experience level 5. On T:3071 you advanced to experience level 6. On T:5667 you advanced to experience level 7. Score breakdown: Gold: 396 ( 8840 points) Experience: 7 levels (13645 points) Exploration: 6 levels ( 12.24%) ( 9682 points) Discoveries: 10 items ( 3.48%) ( 5599 points) Valuables value: (no points given unless you survive) Artifact value: 0 ( 0 points) Variety of kills: 43 monsters ( 11.29%) (10078 points) Turncount: 6034 turns (-1632 points) Survival: died (score multiplied by 80%) Total score: 36969 Latest messages: The spell misses the water demon. The water demon swings his bow. The water demon hits! (2x) The water demon bites! The spell misses the water demon. The water demon swings his bow. The water demon hits! (2x) The water demon bites! The spell misses the water demon. The water demon swings his bow. The water demon hits! (2x) The water demon bites! The water demon swings his bow. The water demon hits! (2x) The water demon bites! The water demon swings his bow. The water demon hits! You die... Final status: Goodbye wizbiz the Wizard, killed by a water demon... You died in The Dungeons of Doom on dungeon level 5 with 36969 points, and 396 pieces of gold, after 6034 moves. You were level 7 with a maximum of 44 hit points when you died.